 Dungeon Crawl Stone Soup version 0.30-a0-986-g7f2e898f52 (webtiles) character file.

Game seed: 117038638338461942

127 DeathPants the Shield-Bearer (level 4, 0/41 HPs)
             Began as a Minotaur Fighter on Apr 1, 2023.
             Slain by Grinder (1 damage)
             ... on level 3 of the Dungeon.
             The game lasted 00:04:45 (2149 turns).

DeathPants the Shield-Bearer (Minotaur Fighter)     Turns: 2149, Time: 00:04:45

Health: 0/41       AC:  9    Str: 23    XL:     4   Next: 85%
Magic:  0/3        EV:  9    Int:  5    God:
Gold:   162        SH:  4    Dex:  9    Spells: 3/3 levels left

rFire   . . .      SeeInvis .    a - +0 war axe
rCold   . . .      Faith    .    c - +0 buckler
rNeg    . . .      Spirit   +    b - +0 scale mail
rPois   .          Reflect  .    (helmet restricted)
rElec   .          Rampage  .    (no cloak)
rCorr   .                        (no gloves)
Will    .....                    f - +1 pair of boots Stlth
                                 m - amulet of guardian spirit
HPRegen 0.26/turn                (no ring)
MPRegen 0.08/turn                (no ring)

@: mighty
A: horns 2, retaliatory headbutt
a: no special abilities


You were on level 3 of the Dungeon.
You visited 1 branch of the dungeon, and saw 3 of its levels.

You collected 162 gold pieces.

Inventory:

Hand Weapons
 a - a +0 war axe (weapon)
Missiles
 n - 4 poisoned darts (quivered)
Armour
 b - a +0 scale mail (worn)
 c - a +0 buckler (worn)
 f - a +1 pair of boots (worn)
Jewellery
 m - an amulet of guardian spirit (around neck)
Scrolls
 h - a scroll of fog
Potions
 e - a potion of cancellation {unknown}
 g - a potion of curing
 j - a potion of heal wounds {unknown}
 l - a potion of berserk rage {unknown}
 r - a potion of flight {unknown}


   Skills:
 + Level 4.8 Fighting
 + Level 4.1 Axes
 - Level 3.6 Armour
 + Level 4.9 Shields


You had 3 spell levels left.
You didn't know any spells.
Your spell library contained the following spells:

 Spells                   Type           Power      Damage    Failure   Level
 Gell's Gravitas          Tloc           0%         N/A       99%         3
 Teleport Other           Tloc           0%         N/A       99%         3
 Dispersal                Tloc           0%         N/A       100%        6


Dungeon Overview and Level Annotations

Branches:
Dungeon (3/15)

Altars:

Annotations:
D:3 Grinder


Innate Abilities, Weirdness & Mutations

You have a pair of horns on your head.
You reflexively headbutt those who attack you in melee.


Message History

Level annotation: Grinder Grinder shouts!
Grinder blinks!
You see here a purple potion.
An endoplasm comes into view.
The endoplasm quivers.
Grinder hits you.
You writhe in agony.
Grinder hits you but does no damage.
You hit Grinder but do no damage. You hit the endoplasm. Grinder hits you.
You writhe in agony.
The endoplasm freezes you.
You are frozen.
You barely miss Grinder. You headbutt Grinder!
Grinder is moderately wounded.
You hit the endoplasm.
You kill the endoplasm!
Grinder blinks!
Grinder gestures at you.
You suddenly lose the ability to move!
Grinder completely misses you.
You can move again.
You closely miss Grinder.
Grinder is moderately wounded.
Grinder hits you!
You writhe in agony.
Grinder hits you but does no damage.
You feel very mighty all of a sudden. Grinder hits you.
You writhe in agony.
* * * LOW HITPOINT WARNING * * *
You slash Grinder!
Grinder is heavily wounded.
Grinder hits you.
* * * LOW HITPOINT WARNING * * *
You writhe in agony.
* * * LOW HITPOINT WARNING * * *
You slash Grinder!
Grinder is severely wounded.
Grinder blinks!
Grinder attacks as you move away! Grinder hits you.
* * * LOW HITPOINT WARNING * * *
You writhe in agony.
You die...

#.###5#
..## #.##..
...# #.##.#
...##
#...<# ....
####.###..#
#.....#
###..# #5.#
#####!@#
#.....ยง#
#.####.#
#.# #..#
#.# ##.#
#.# #.# #.#
#.# #.# #.#
#.# #.#


You could see Grinder.

Vanquished Creatures
  Natasha (thrice) (D:2)
  2 adders
  A worm (D:2)
  6 ball pythons
  2 endoplasms
  A giant cockroach (D:2)
  3 goblins
  2 hobgoblins
  3 kobolds
  2 quokkas
  4 bats
  4 frilled lizards
  4 rats
37 creatures vanquished.

Notes
Turn   | Place    | Note
-------+----------+-------------------------------------------
     0 | D:1      | DeathPants the Minotaur Fighter began the quest for the
                  | Orb.
     0 | D:1      | Reached XP level 1. HP: 19/19 MP: 0/0
   138 | D:1      | Reached XP level 2. HP: 27/27 MP: 1/1
   278 | D:1      | You fall into a shaft and drop 1 floor!
   726 | D:2      | Reached XP level 3. HP: 33/33 MP: 2/2
  1241 | D:2      | Noticed Natasha
  1248 | D:2      | Killed Natasha
  1320 | D:3      | Noticed Grinder
  1321 | D:3      | Paralysed by Grinder for 4 turns
  1342 | D:3      | Reached XP level 4. HP: 40/41 MP: 3/3
  1533 | D:2      | Noticed Natasha
  1543 | D:2      | Killed Natasha
  1631 | D:2      | Noticed Natasha
  1640 | D:2      | Killed Natasha
  2140 | D:3      | Paralysed by Grinder for 5 turns
  2149 | D:3      | HP: 1/41 [Grinder (3)]
  2149 | D:3      | Slain by Grinder

Illustrated notes

Levels and vault maps discovered:
D:1:      dpeg_arrival_boxes_within_box, layout_basic,
          amcnicky_mini_corridor_feature, roderic_serpentine_path,
          amcnicky_mini_pool_small
D:2:      layout_basic, serial_park_tiny_pond, uniq_natasha
D:3:      layout_loops_ring, gammafunk_ghost_split, uniq_grinder, uniq_ijyb

Skill      XL: |  1  2  3  4 |
---------------+-------------+-----
Shields        | 4 |  4.9
Fighting       | 4 |  4.8
Axes           | 3 4 |  4.1
Armour         | |  3.6

Action                     |  1- 3 |  4- 6 || total
---------------------------+-------+-------++-------
  Melee: War axe           |    74 |    24 ||    98
         Headbutt          |     7 |     5 ||    12
    Use: Scroll            |       |     6 ||     6
         Potion            |       |     1 ||     1
 Armour: Scale mail        |    33 |    10 ||    43
  Dodge: Dodged            |    37 |     7 ||    44
  Block: Buckler           |    13 |     3 ||    16

Table legend: (Time is in decaauts)
 A = Elapsed time spent in this place.
 B = Non-inter-level travel time spent in this place.
 C = Inter-level travel time spent in this place.
 D = Time resting spent in this place.
 E = Time spent auto-exploring this place.
 F = Levels seen in this place.
 G = Mean time per level.
                   A        B        C        D        E       F      G
               +--------+--------+--------+--------+--------+-----+--------+
         Total |   2195 |   2127 |     68 |     53 |   1589 |   3 |  731.7 |
       Dungeon |   2195 |   2127 |     68 |     53 |   1589 |   3 |  731.7 |
               +--------+--------+--------+--------+--------+-----+--------+

Top non-repeatable levels by time:
     D:2: 1248 daAuts
     D:1: 892 daAuts
     D:3: 54 daAuts
